[ AOE2 MATCH · #466952489 ]
UnrankedShu vs Gurjaras
[ REPLAY ANALYSIS · EXTRACTED FROM THE RECORDED GAME ]
Feudal
12:10
Castle
16:34
Imperial
34:19
| APM avg | 18.9 |
| APM peak | 37 |
| eAPM avg | 13.5 |
| Villagers / military | 136 / 1 |
Focus
⚔️ 23.5% · 🌾 76.5%
Unknown (1962) ×44 · Trade Cart ×6 · Monk ×1
Feudal
12:18
Castle
16:13
Imperial
30:47
| APM avg | 26.4 |
| APM peak | 73 |
| eAPM avg | 17.3 |
| Villagers / military | 176 / 99 |
Focus
⚔️ 27.2% · 🌾 72.8%
Shrivamsha Rider ×99 · Trade Cart ×47
Feudal
11:08
Castle
14:56
Imperial
31:34
| APM avg | 25.7 |
| APM peak | 61 |
| eAPM avg | 17.8 |
| Villagers / military | 190 / 155 |
Focus
⚔️ 19.4% · 🌾 80.6%
Longbowman ×114 · Scout Cavalry ×35 · Trade Cart ×14 · Trebuchet (Packed) ×4 · Monk ×2
Feudal
13:31
Castle
18:00
Imperial
32:39
| APM avg | 21.9 |
| APM peak | 63 |
| eAPM avg | 17.2 |
| Villagers / military | 201 / 162 |
Focus
⚔️ 18.3% · 🌾 81.7%
Hand Cannoneer ×131 · Trade Cart ×39 · Bombard Cannon ×17 · Hussite Wagon ×13 · Monk ×1
Feudal
11:01
Castle
14:58
Imperial
38:46
| APM avg | 16.6 |
| APM peak | 37 |
| eAPM avg | 11.3 |
| Villagers / military | 196 / 43 |
Focus
⚔️ 9.1% · 🌾 90.9%
War Elephant ×43 · Trade Cart ×23
Feudal
10:38
Castle
14:33
Imperial
29:34
| APM avg | 54.2 |
| APM peak | 106 |
| eAPM avg | 36.7 |
| Villagers / military | 183 / 386 |
Focus
⚔️ 39.2% · 🌾 60.8%
Huskarl ×212 · Spearman ×174 · Trade Cart ×18
Feudal
11:09
Castle
15:13
Imperial
36:23
| APM avg | 43.3 |
| APM peak | 95 |
| eAPM avg | 33.4 |
| Villagers / military | 231 / 0 |
Focus
⚔️ 23.6% · 🌾 76.4%
Unknown (1263) ×240 · Trade Cart ×67
Feudal
9:55
Castle
18:07
Imperial
—
| APM avg | 11.6 |
| APM peak | 27 |
| eAPM avg | 9.2 |
| Villagers / military | 172 / 7 |
Focus
⚔️ 10.2% · 🌾 89.8%
Trade Cart ×5 · Cavalry Archer ×4 · Monk ×2 · Tarkan ×1
Match map
Initial resources + every placement click. Lines = walls · curves = elevation contours. ◆ gold · ⬟ stone · ● berries · ✦ relic · ◌ wall gap
Your base· Open — opponent sealed themselves in
椰子's base· ✓ Closed at 16:13 · 0t walls · no gate
Mr. Pupk's base· Open — opponent sealed themselves in
Pineappleman's base· ✓ Closed at 18:00 · 0t walls · no gate
Wasgehtsooo's base· ✓ Closed at 14:58 · 0t walls · no gate
Daniel.Vo's base· Open — opponent sealed themselves in
Maxpax_Hide_On_Bush's base· Open — opponent sealed themselves in
ocgama94's base· ✓ Closed at 18:07 · 30t walls · 1 gate(s)
Smoothed initial terrain · ◌ = detected wall gap · hover for details
Inputs per minute
— Areh - - 椰子
Build order — Areh
First 150 of 368 actions detected
| 0:03 | Create | Villager (Male) |
| 0:03 | Create | Villager (Male) |
| 0:04 | Create | Villager (Male) |
| 0:04 | Create | Villager (Male) |
| 0:04 | Create | Villager (Male) |
| 0:07 | Build | House |
| 0:10 | Build | House |
| 1:32 | Create | Villager (Male) |
| 1:33 | Create | Villager (Male) |
| 1:58 | Build | Lumber Camp |
| 2:13 | Create | Villager (Male) |
| 2:14 | Create | Villager (Male) |
| 2:31 | Create | Villager (Male) |
| 2:32 | Create | Villager (Male) |
| 3:01 | Create | Villager (Male) |
| 3:22 | Create | Villager (Male) |
| 4:08 | Create | Villager (Male) |
| 4:08 | Create | Villager (Male) |
| 4:15 | Build | House |
| 4:27 | Create | Villager (Male) |
| 4:28 | Create | Villager (Male) |
| 4:54 | Build | Mill |
| 5:04 | Create | Villager (Male) |
| 5:25 | Create | Villager (Male) |
| 5:47 | Create | Villager (Male) |
| 6:12 | Create | Villager (Male) |
| 6:30 | Create | Villager (Male) |
| 6:53 | Research | Loom |
| 7:19 | Build | House |
| 7:39 | Create | Villager (Male) |
| 7:50 | Create | Villager (Male) |
| 8:07 | Build | Farm |
| 8:13 | Build | Farm |
| 8:19 | Build | Farm |
| 8:32 | Create | Villager (Male) |
| 8:59 | Build | Mining Camp |
| 9:07 | Build | Farm |
| 9:10 | Create | Villager (Male) |
| 9:34 | Create | Villager (Male) |
| 9:36 | Research | Feudal Age |
| 10:06 | Build | Farm |
| 10:14 | Build | House |
| 11:37 | Create | Villager (Male) |
| 11:38 | Create | Villager (Male) |
| 12:10 | Age | Feudal Age |
| 12:21 | Build | Blacksmith |
| 12:50 | Build | Market |
| 13:03 | Create | Villager (Male) |
| 13:29 | Create | Villager (Male) |
| 13:33 | Build | Farm |
| 13:51 | Research | Castle Age |
| 13:58 | Build | Lumber Camp |
| 14:27 | Build | House |
| 15:21 | Research | Double-Bit Axe |
| 15:26 | Research | Horse Collar |
| 16:34 | Age | Castle Age |
| 16:39 | Build | Town Center |
| 16:43 | Create | Villager (Male) |
| 16:43 | Create | Villager (Male) |
| 16:54 | Build | Town Center |
| 17:00 | Build | Farm |
| 17:02 | Create | Villager (Male) |
| 17:14 | Create | Villager (Male) |
| 17:31 | Build | House |
| 17:44 | Research | Bow Saw |
| 18:00 | Build | House |
| 18:09 | Create | Villager (Male) |
| 18:19 | Research | Heavy Plow |
| 18:26 | Create | Villager (Male) |
| 18:26 | Create | Villager (Male) |
| 18:29 | Create | Villager (Male) |
| 18:33 | Build | Farm |
| 18:42 | Build | House |
| 18:49 | Create | Villager (Male) |
| 18:54 | Build | Farm |
| 18:59 | Create | Villager (Male) |
| 18:59 | Create | Villager (Male) |
| 19:13 | Build | Farm |
| 19:16 | Create | Villager (Male) |
| 19:19 | Build | Farm |
| 19:30 | Create | Villager (Male) |
| 19:30 | Create | Villager (Male) |
| 19:30 | Create | Villager (Male) |
| 19:34 | Create | Villager (Male) |
| 19:41 | Build | House |
| 19:42 | Build | House |
| 19:44 | Build | House |
| 19:49 | Build | Farm |
| 19:56 | Create | Villager (Male) |
| 19:56 | Create | Villager (Male) |
| 20:00 | Build | Farm |
| 20:05 | Create | Villager (Male) |
| 20:06 | Create | Villager (Male) |
| 20:12 | Build | Farm |
| 20:17 | Create | Villager (Male) |
| 20:17 | Create | Villager (Male) |
| 20:17 | Create | Villager (Male) |
| 20:29 | Build | Farm |
| 20:37 | Build | Farm |
| 20:41 | Build | Farm |
| 20:45 | Build | Farm |
| 20:52 | Build | Farm |
| 20:57 | Build | Farm |
| 21:00 | Build | Farm |
| 21:07 | Build | Farm |
| 21:14 | Create | Villager (Male) |
| 21:15 | Create | Villager (Male) |
| 21:15 | Create | Villager (Male) |
| 21:15 | Create | Villager (Male) |
| 21:20 | Build | Mill |
| 21:22 | Build | Farm |
| 21:26 | Build | Farm |
| 21:32 | Build | Farm |
| 21:35 | Create | Villager (Male) |
| 21:35 | Create | Villager (Male) |
| 21:36 | Create | Villager (Male) |
| 21:41 | Build | Farm |
| 21:47 | Build | Farm |
| 21:52 | Build | Farm |
| 21:57 | Build | House |
| 21:58 | Build | House |
| 21:59 | Build | House |
| 22:04 | Build | Farm |
| 22:07 | Create | Villager (Male) |
| 22:08 | Create | Villager (Male) |
| 22:18 | Create | Villager (Male) |
| 22:18 | Create | Villager (Male) |
| 22:18 | Create | Villager (Male) |
| 22:25 | Build | Farm |
| 22:30 | Build | Farm |
| 22:34 | Create | Villager (Male) |
| 22:34 | Create | Villager (Male) |
| 22:34 | Create | Villager (Male) |
| 22:47 | Build | Farm |
| 22:54 | Build | Farm |
| 23:01 | Research | Wheelbarrow |
| 23:04 | Create | Villager (Male) |
| 23:04 | Create | Villager (Male) |
| 23:04 | Create | Villager (Male) |
| 23:11 | Build | Farm |
| 23:15 | Create | Villager (Male) |
| 23:15 | Create | Villager (Male) |
| 23:29 | Build | Town Center |
| 23:39 | Build | House |
| 23:40 | Build | House |
| 23:43 | Create | Villager (Male) |
| 23:44 | Create | Villager (Male) |
| 23:44 | Create | Villager (Male) |
| 23:46 | Research | Gold Mining |
| 24:00 | Build | Farm |
Build order — 椰子
First 150 of 527 actions detected
| 0:02 | Create | Villager (Male) |
| 0:02 | Create | Villager (Male) |
| 0:02 | Create | Villager (Male) |
| 0:03 | Create | Villager (Male) |
| 0:05 | Build | House |
| 0:07 | Build | House |
| 1:31 | Create | Villager (Male) |
| 2:19 | Create | Villager (Male) |
| 2:19 | Create | Villager (Male) |
| 2:48 | Build | Mill |
| 3:06 | Create | Villager (Male) |
| 3:07 | Create | Villager (Male) |
| 3:58 | Create | Villager (Male) |
| 3:59 | Create | Villager (Male) |
| 4:23 | Build | House |
| 4:25 | Build | House |
| 4:43 | Build | Lumber Camp |
| 4:55 | Create | Villager (Male) |
| 5:46 | Create | Villager (Male) |
| 5:47 | Create | Villager (Male) |
| 5:47 | Create | Villager (Male) |
| 5:48 | Create | Villager (Male) |
| 6:34 | Create | Villager (Male) |
| 6:43 | Build | House |
| 6:55 | Build | House |
| 7:00 | Create | Villager (Male) |
| 8:28 | Create | Villager (Male) |
| 8:28 | Create | Villager (Male) |
| 8:29 | Create | Villager (Male) |
| 9:16 | Create | Villager (Male) |
| 9:35 | Research | Feudal Age |
| 9:51 | Build | Mining Camp |
| 10:40 | Create | Villager (Male) |
| 10:40 | Create | Villager (Male) |
| 10:48 | Build | Lumber Camp |
| 11:25 | Build | Barracks |
| 12:18 | Age | Feudal Age |
| 12:20 | Build | Blacksmith |
| 12:39 | Build | Stable |
| 12:48 | Create | Villager (Male) |
| 13:32 | Research | Castle Age |
| 13:44 | Build | Farm |
| 13:44 | Build | Farm |
| 13:44 | Build | Farm |
| 13:45 | Build | Farm |
| 13:45 | Build | Farm |
| 13:45 | Build | Farm |
| 13:46 | Build | Farm |
| 13:51 | Build | Farm |
| 13:52 | Build | Farm |
| 14:20 | Build | House |
| 14:24 | Build | House |
| 14:29 | Build | House |
| 15:24 | Create | Villager (Male) |
| 15:25 | Create | Villager (Male) |
| 16:13 | Age | Castle Age |
| 16:20 | Build | Town Center |
| 16:29 | Build | Town Center |
| 16:34 | Research | Double-Bit Axe |
| 16:40 | Research | Horse Collar |
| 16:46 | Build | Farm |
| 16:47 | Create | Villager (Male) |
| 16:47 | Create | Villager (Male) |
| 16:55 | Build | Town Center |
| 17:06 | Research | Bow Saw |
| 17:10 | Build | Farm |
| 17:12 | Research | Heavy Plow |
| 17:33 | Build | Farm |
| 17:38 | Create | Villager (Male) |
| 17:59 | Build | Farm |
| 18:13 | Create | Villager (Male) |
| 18:14 | Create | Villager (Male) |
| 18:14 | Create | Villager (Male) |
| 18:21 | Build | Farm |
| 18:32 | Create | Villager (Male) |
| 18:33 | Create | Villager (Male) |
| 18:33 | Create | Villager (Male) |
| 18:34 | Create | Villager (Male) |
| 18:46 | Build | Farm |
| 19:05 | Build | Farm |
| 19:05 | Build | Farm |
| 19:07 | Create | Villager (Male) |
| 19:08 | Create | Villager (Male) |
| 19:09 | Create | Villager (Male) |
| 19:09 | Create | Villager (Male) |
| 19:14 | Build | Mining Camp |
| 19:22 | Create | Villager (Male) |
| 19:38 | Build | Mining Camp |
| 19:46 | Build | House |
| 19:47 | Build | House |
| 19:49 | Build | House |
| 19:50 | Build | House |
| 19:51 | Build | House |
| 19:54 | Build | Farm |
| 19:57 | Build | Farm |
| 19:59 | Create | Villager (Male) |
| 20:00 | Create | Villager (Male) |
| 20:01 | Create | Villager (Male) |
| 20:02 | Create | Villager (Male) |
| 20:27 | Create | Villager (Male) |
| 20:36 | Create | Villager (Male) |
| 20:40 | Build | Farm |
| 20:41 | Create | Villager (Male) |
| 20:42 | Create | Villager (Male) |
| 20:48 | Create | Villager (Male) |
| 20:48 | Create | Villager (Male) |
| 20:51 | Create | Villager (Male) |
| 20:52 | Create | Villager (Male) |
| 21:00 | Build | Farm |
| 21:01 | Build | Farm |
| 21:01 | Build | Farm |
| 21:01 | Build | Farm |
| 21:02 | Build | Farm |
| 21:06 | Build | Farm |
| 21:09 | Create | Villager (Male) |
| 21:21 | Build | Farm |
| 21:27 | Create | Villager (Male) |
| 21:32 | Build | Lumber Camp |
| 21:34 | Create | Villager (Male) |
| 21:35 | Create | Villager (Male) |
| 21:42 | Build | Farm |
| 21:46 | Build | Farm |
| 22:13 | Build | House |
| 22:16 | Build | House |
| 22:18 | Build | House |
| 22:20 | Build | House |
| 22:23 | Build | House |
| 22:26 | Build | Farm |
| 22:32 | Create | Villager (Male) |
| 22:32 | Create | Villager (Male) |
| 22:33 | Create | Villager (Male) |
| 22:33 | Create | Villager (Male) |
| 22:33 | Create | Villager (Male) |
| 22:38 | Research | Wheelbarrow |
| 22:43 | Create | Villager (Male) |
| 22:44 | Create | Villager (Male) |
| 22:46 | Create | Villager (Male) |
| 23:00 | Create | Villager (Male) |
| 23:00 | Create | Villager (Male) |
| 23:06 | Create | Villager (Male) |
| 23:07 | Create | Villager (Male) |
| 23:32 | Build | Town Center |
| 23:36 | Create | Villager (Male) |
| 23:36 | Create | Villager (Male) |
| 23:36 | Create | Villager (Male) |
| 23:37 | Create | Villager (Male) |
| 23:37 | Create | Villager (Male) |
| 23:47 | Build | House |
| 23:49 | Build | House |
| 23:50 | Build | House |
Build order — Mr. Pupk
First 150 of 445 actions detected
| 0:05 | Build | House |
| 0:06 | Build | House |
| 0:08 | Create | Villager (Male) |
| 0:08 | Create | Villager (Male) |
| 0:09 | Create | Villager (Male) |
| 0:09 | Create | Villager (Male) |
| 1:43 | Create | Villager (Male) |
| 1:43 | Create | Villager (Male) |
| 1:43 | Create | Villager (Male) |
| 2:02 | Create | Villager (Male) |
| 2:02 | Create | Villager (Male) |
| 2:02 | Create | Villager (Male) |
| 2:17 | Create | Villager (Male) |
| 2:18 | Create | Villager (Male) |
| 2:18 | Create | Villager (Male) |
| 2:46 | Build | House |
| 2:48 | Create | Villager (Male) |
| 2:48 | Create | Villager (Male) |
| 2:49 | Create | Villager (Male) |
| 3:13 | Build | Lumber Camp |
| 3:17 | Create | Villager (Male) |
| 3:17 | Create | Villager (Male) |
| 3:17 | Create | Villager (Male) |
| 3:37 | Create | Villager (Male) |
| 3:37 | Create | Villager (Male) |
| 3:38 | Create | Villager (Male) |
| 3:38 | Create | Villager (Male) |
| 4:37 | Create | Villager (Male) |
| 4:38 | Create | Villager (Male) |
| 5:12 | Create | Villager (Male) |
| 5:13 | Create | Villager (Male) |
| 5:13 | Create | Villager (Male) |
| 5:13 | Create | Villager (Male) |
| 5:21 | Build | House |
| 5:58 | Create | Villager (Male) |
| 5:59 | Create | Villager (Male) |
| 5:59 | Create | Villager (Male) |
| 6:35 | Build | Mill |
| 6:42 | Create | Villager (Male) |
| 6:42 | Create | Villager (Male) |
| 6:42 | Create | Villager (Male) |
| 6:42 | Create | Villager (Male) |
| 6:55 | Build | House |
| 7:53 | Build | Mining Camp |
| 8:00 | Create | Villager (Male) |
| 8:13 | Build | House |
| 8:28 | Research | Feudal Age |
| 9:23 | Build | Farm |
| 10:55 | Build | House |
| 11:08 | Age | Feudal Age |
| 11:11 | Build | Market |
| 11:20 | Build | Blacksmith |
| 11:59 | Research | Double-Bit Axe |
| 12:16 | Research | Castle Age |
| 12:38 | Build | Farm |
| 12:44 | Research | Horse Collar |
| 13:21 | Build | Farm |
| 13:25 | Build | Farm |
| 13:30 | Build | Farm |
| 13:35 | Create | Villager (Male) |
| 13:43 | Build | Farm |
| 14:26 | Create | Villager (Male) |
| 14:49 | Research | Gold Mining |
| 14:56 | Age | Castle Age |
| 15:03 | Build | Town Center |
| 15:12 | Build | Town Center |
| 15:29 | Build | Monastery |
| 15:37 | Create | Villager (Male) |
| 15:41 | Research | Wheelbarrow |
| 15:42 | Create | Villager (Male) |
| 15:52 | Build | Farm |
| 15:57 | Create | Villager (Male) |
| 16:15 | Create | Monk |
| 16:22 | Research | Heavy Plow |
| 16:26 | Create | Villager (Male) |
| 16:27 | Create | Villager (Male) |
| 16:44 | Create | Villager (Male) |
| 16:49 | Create | Villager (Male) |
| 16:49 | Create | Villager (Male) |
| 16:49 | Create | Villager (Male) |
| 16:49 | Create | Villager (Male) |
| 17:03 | Build | Farm |
| 17:15 | Build | Farm |
| 17:21 | Create | Villager (Male) |
| 17:44 | Build | Farm |
| 17:53 | Create | Villager (Male) |
| 17:56 | Create | Villager (Male) |
| 17:57 | Create | Villager (Male) |
| 18:09 | Build | Town Center |
| 18:13 | Create | Monk |
| 18:28 | Create | Villager (Male) |
| 18:28 | Create | Villager (Male) |
| 18:29 | Create | Villager (Male) |
| 18:41 | Build | Farm |
| 18:43 | Build | Farm |
| 18:45 | Create | Villager (Male) |
| 18:50 | Create | Villager (Male) |
| 18:53 | Research | Loom |
| 19:01 | Build | Farm |
| 19:03 | Build | Farm |
| 19:03 | Build | Farm |
| 19:10 | Build | Farm |
| 19:14 | Create | Villager (Male) |
| 19:21 | Create | Villager (Male) |
| 19:21 | Create | Villager (Male) |
| 19:28 | Build | Farm |
| 19:34 | Build | Farm |
| 19:38 | Create | Villager (Male) |
| 19:40 | Create | Villager (Male) |
| 19:45 | Create | Villager (Male) |
| 19:46 | Create | Villager (Male) |
| 19:46 | Create | Villager (Male) |
| 19:59 | Build | House |
| 20:00 | Build | House |
| 20:01 | Build | House |
| 20:05 | Create | Villager (Male) |
| 20:14 | Create | Villager (Male) |
| 20:14 | Create | Villager (Male) |
| 20:14 | Create | Villager (Male) |
| 20:27 | Build | Farm |
| 20:31 | Create | Villager (Male) |
| 20:31 | Create | Villager (Male) |
| 20:43 | Build | House |
| 20:44 | Build | House |
| 20:45 | Build | House |
| 20:47 | Build | House |
| 20:48 | Build | House |
| 20:58 | Build | Stone Wall |
| 21:04 | Build | Gate |
| 21:12 | Build | Farm |
| 21:15 | Research | Bow Saw |
| 21:18 | Create | Villager (Male) |
| 21:18 | Create | Villager (Male) |
| 21:22 | Create | Villager (Male) |
| 21:25 | Create | Villager (Male) |
| 21:26 | Create | Villager (Male) |
| 21:44 | Build | House |
| 21:45 | Build | House |
| 21:46 | Build | House |
| 21:47 | Build | House |
| 21:51 | Create | Villager (Male) |
| 21:51 | Create | Villager (Male) |
| 21:52 | Create | Villager (Male) |
| 21:57 | Build | Farm |
| 21:59 | Create | Villager (Male) |
| 21:59 | Create | Villager (Male) |
| 22:00 | Create | Villager (Male) |
| 22:05 | Build | Farm |
| 22:06 | Build | Farm |
| 22:09 | Create | Villager (Male) |
Build order — Pineappleman
First 150 of 393 actions detected
| 0:01 | Create | Villager (Male) |
| 0:01 | Create | Villager (Male) |
| 0:01 | Create | Villager (Male) |
| 0:02 | Create | Villager (Male) |
| 0:03 | Build | House |
| 0:04 | Build | House |
| 0:39 | Research | Loom |
| 1:27 | Create | Villager (Male) |
| 1:27 | Create | Villager (Male) |
| 1:58 | Create | Villager (Male) |
| 2:11 | Create | Villager (Male) |
| 2:44 | Create | Villager (Male) |
| 2:57 | Create | Villager (Male) |
| 2:57 | Create | Villager (Male) |
| 3:24 | Build | House |
| 3:26 | Build | House |
| 3:29 | Create | Villager (Male) |
| 3:29 | Create | Villager (Male) |
| 3:53 | Build | Lumber Camp |
| 3:55 | Create | Villager (Male) |
| 3:55 | Create | Villager (Male) |
| 4:09 | Create | Villager (Male) |
| 4:09 | Create | Villager (Male) |
| 4:54 | Create | Villager (Male) |
| 4:54 | Create | Villager (Male) |
| 5:03 | Build | House |
| 5:04 | Build | House |
| 5:11 | Build | House |
| 5:32 | Create | Villager (Male) |
| 5:33 | Create | Villager (Male) |
| 5:37 | Create | Villager (Male) |
| 5:38 | Create | Villager (Male) |
| 6:22 | Create | Villager (Male) |
| 6:22 | Create | Villager (Male) |
| 6:35 | Create | Villager (Male) |
| 6:36 | Create | Villager (Male) |
| 6:46 | Build | Mill |
| 7:12 | Build | Mill |
| 7:19 | Create | Villager (Male) |
| 7:19 | Create | Villager (Male) |
| 7:20 | Create | Villager (Male) |
| 7:20 | Create | Villager (Male) |
| 7:20 | Create | Villager (Male) |
| 8:02 | Create | Villager (Male) |
| 8:03 | Create | Villager (Male) |
| 8:03 | Create | Villager (Male) |
| 8:03 | Create | Villager (Male) |
| 8:50 | Build | Mining Camp |
| 9:31 | Create | Villager (Male) |
| 9:31 | Create | Villager (Male) |
| 9:31 | Create | Villager (Male) |
| 9:49 | Build | Lumber Camp |
| 11:21 | Research | Feudal Age |
| 11:22 | Research | Feudal Age |
| 12:30 | Create | Villager (Male) |
| 12:30 | Create | Villager (Male) |
| 12:31 | Create | Villager (Male) |
| 12:31 | Create | Villager (Male) |
| 13:31 | Age | Feudal Age |
| 13:37 | Build | Market |
| 13:42 | Build | Lumber Camp |
| 13:50 | Build | Blacksmith |
| 14:56 | Build | Mining Camp |
| 15:20 | Research | Castle Age |
| 15:20 | Research | Castle Age |
| 15:24 | Build | Farm |
| 15:26 | Build | Farm |
| 15:45 | Build | Farm |
| 15:51 | Build | Farm |
| 15:53 | Research | Horse Collar |
| 16:13 | Build | Farm |
| 16:15 | Build | Farm |
| 16:19 | Build | Farm |
| 16:23 | Build | Farm |
| 16:26 | Build | Farm |
| 16:34 | Build | Farm |
| 16:39 | Build | Farm |
| 17:02 | Build | Farm |
| 17:05 | Build | Farm |
| 17:12 | Build | Farm |
| 17:15 | Research | Double-Bit Axe |
| 17:47 | Create | Villager (Male) |
| 17:47 | Create | Villager (Male) |
| 17:48 | Create | Villager (Male) |
| 17:48 | Create | Villager (Male) |
| 18:00 | Age | Castle Age |
| 18:01 | Build | Monastery |
| 18:12 | Build | Town Center |
| 18:15 | Build | Town Center |
| 18:35 | Create | Monk |
| 18:47 | Build | House |
| 18:48 | Build | House |
| 18:49 | Build | House |
| 18:51 | Build | House |
| 18:52 | Build | House |
| 18:53 | Build | House |
| 18:57 | Research | Bow Saw |
| 19:23 | Create | Villager (Male) |
| 19:29 | Create | Villager (Male) |
| 19:30 | Create | Villager (Male) |
| 19:53 | Create | Villager (Male) |
| 19:53 | Create | Villager (Male) |
| 20:01 | Build | Town Center |
| 20:11 | Create | Villager (Male) |
| 20:15 | Create | Villager (Male) |
| 20:15 | Create | Villager (Male) |
| 20:16 | Create | Villager (Male) |
| 20:17 | Create | Villager (Male) |
| 20:23 | Research | Heavy Plow |
| 20:40 | Create | Villager (Male) |
| 20:47 | Build | Farm |
| 20:54 | Research | Fervor |
| 21:04 | Create | Villager (Male) ×2 |
| 21:10 | Build | Farm |
| 21:13 | Create | Villager (Male) |
| 21:14 | Create | Villager (Male) |
| 21:25 | Build | Town Center |
| 21:29 | Create | Villager (Male) ×2 |
| 21:34 | Build | Farm |
| 21:51 | Build | Town Center |
| 21:57 | Build | Farm |
| 21:58 | Create | Villager (Male) ×3 |
| 22:00 | Build | House |
| 22:01 | Build | House |
| 22:02 | Build | House |
| 22:03 | Build | House |
| 22:06 | Create | Villager (Male) |
| 22:07 | Create | Villager (Male) |
| 22:10 | Create | Villager (Male) |
| 22:10 | Create | Villager (Male) |
| 22:26 | Research | Sanctity |
| 22:28 | Build | Farm |
| 22:30 | Create | Villager (Male) |
| 22:30 | Create | Villager (Male) |
| 22:31 | Create | Villager (Male) |
| 22:39 | Create | Villager (Male) |
| 22:39 | Create | Villager (Male) |
| 22:48 | Create | Villager (Male) |
| 22:48 | Create | Villager (Male) |
| 22:54 | Build | Farm |
| 22:58 | Build | House |
| 22:59 | Build | House |
| 23:00 | Build | House |
| 23:00 | Build | House |
| 23:01 | Build | House |
| 23:02 | Build | House |
| 23:03 | Build | House |
| 23:04 | Build | House |
| 23:05 | Create | Villager (Male) ×2 |
| 23:05 | Create | Villager (Male) ×2 |
Build order — Wasgehtsooo
First 150 of 260 actions detected
| 0:04 | Create | Villager (Male) ×5 |
| 0:04 | Create | Villager (Male) ×5 |
| 0:07 | Build | House |
| 0:08 | Build | House |
| 1:39 | Create | Villager (Male) |
| 1:57 | Build | Lumber Camp |
| 2:32 | Create | Villager (Male) ×2 |
| 2:32 | Create | Villager (Male) ×2 |
| 3:09 | Build | House |
| 3:52 | Create | Villager (Male) ×3 |
| 3:52 | Create | Villager (Male) ×3 |
| 4:19 | Create | Villager (Male) |
| 4:31 | Create | Villager (Male) |
| 4:32 | Create | Villager (Male) |
| 4:49 | Build | Mill |
| 4:55 | Create | Villager (Male) |
| 5:49 | Create | Villager (Male) ×4 |
| 6:52 | Create | Villager (Male) |
| 6:57 | Build | House |
| 8:19 | Create | Villager (Male) |
| 8:50 | Research | Feudal Age |
| 10:07 | Create | Villager (Male) |
| 11:01 | Age | Feudal Age |
| 11:14 | Build | Blacksmith |
| 11:17 | Build | Market |
| 11:41 | Create | Villager (Male) |
| 12:29 | Create | Villager (Male) |
| 12:32 | Research | Castle Age |
| 12:39 | Build | House |
| 12:40 | Build | House |
| 13:58 | Research | Double-Bit Axe |
| 14:00 | Research | Horse Collar |
| 14:08 | Build | House |
| 14:09 | Build | House |
| 14:11 | Build | House |
| 14:12 | Build | House |
| 14:13 | Build | House |
| 14:58 | Age | Castle Age |
| 15:11 | Create | Villager (Male) ×5 |
| 15:19 | Build | Town Center |
| 15:55 | Build | Town Center |
| 16:01 | Build | House |
| 16:01 | Build | House |
| 16:17 | Build | Farm |
| 16:27 | Build | Farm |
| 16:35 | Create | Villager (Male) |
| 16:36 | Create | Villager (Male) |
| 16:46 | Build | Farm |
| 17:00 | Build | Farm |
| 17:20 | Build | Farm |
| 17:22 | Build | Farm |
| 17:31 | Build | Farm |
| 17:32 | Build | Farm |
| 17:38 | Create | Villager (Male) |
| 17:39 | Create | Villager (Male) |
| 17:44 | Build | Farm |
| 17:48 | Build | Farm |
| 17:56 | Build | Farm |
| 18:03 | Build | Farm |
| 18:07 | Create | Villager (Male) |
| 18:07 | Create | Villager (Male) |
| 18:18 | Build | Farm |
| 18:41 | Create | Villager (Male) |
| 18:42 | Create | Villager (Male) |
| 18:55 | Build | Farm |
| 19:09 | Build | Market |
| 19:22 | Research | Bow Saw |
| 19:24 | Create | Villager (Male) |
| 19:34 | Build | Farm |
| 19:40 | Create | Villager (Male) |
| 19:40 | Create | Villager (Male) |
| 20:02 | Create | Villager (Male) ×2 |
| 20:03 | Create | Villager (Male) ×2 |
| 20:07 | Build | Farm |
| 20:09 | Create | Villager (Male) |
| 20:09 | Create | Villager (Male) |
| 20:17 | Create | Villager (Male) |
| 20:18 | Create | Villager (Male) |
| 20:31 | Build | Farm |
| 20:33 | Create | Villager (Male) |
| 20:40 | Create | Villager (Male) |
| 20:48 | Build | Farm |
| 20:50 | Create | Villager (Male) |
| 21:08 | Build | Farm |
| 21:09 | Build | Farm |
| 21:10 | Build | Farm |
| 21:13 | Build | Farm |
| 21:20 | Build | Farm |
| 21:25 | Create | Villager (Male) ×3 |
| 21:25 | Create | Villager (Male) ×3 |
| 21:34 | Build | Farm |
| 21:36 | Build | Farm |
| 21:37 | Build | Farm |
| 21:42 | Create | Villager (Male) ×2 |
| 21:49 | Create | Trade Cart |
| 22:11 | Create | Villager (Male) ×3 |
| 22:11 | Create | Villager (Male) ×3 |
| 22:24 | Build | Farm |
| 22:26 | Build | Farm |
| 22:28 | Build | Farm |
| 22:29 | Build | Farm |
| 22:32 | Create | Villager (Male) ×3 |
| 22:32 | Create | Villager (Male) ×3 |
| 22:43 | Create | Villager (Male) ×2 |
| 22:54 | Create | Villager (Male) |
| 23:02 | Create | Trade Cart |
| 23:21 | Create | Villager (Male) ×4 |
| 23:22 | Create | Villager (Male) |
| 23:22 | Create | Villager (Male) |
| 23:36 | Build | Farm |
| 23:43 | Build | Farm |
| 23:44 | Build | Farm |
| 23:46 | Build | Farm |
| 23:49 | Build | Farm |
| 23:52 | Build | Farm |
| 24:05 | Build | Mill |
| 24:15 | Create | Villager (Male) ×5 |
| 24:16 | Create | Villager (Male) ×4 |
| 24:16 | Create | Villager (Male) ×4 |
| 24:17 | Create | Villager (Male) |
| 24:18 | Create | Villager (Male) |
| 24:32 | Build | Castle |
| 24:58 | Create | Villager (Male) ×5 |
| 24:59 | Create | Villager (Male) ×3 |
| 24:59 | Create | Villager (Male) ×3 |
| 24:59 | Create | Villager (Male) ×3 |
| 25:10 | Create | Villager (Male) ×2 |
| 25:25 | Build | House |
| 25:26 | Build | House |
| 25:27 | Build | House |
| 25:41 | Build | House |
| 25:43 | Build | House |
| 25:44 | Build | House |
| 25:45 | Build | House |
| 25:50 | Build | House |
| 25:52 | Build | House |
| 25:53 | Build | House |
| 25:54 | Build | House |
| 25:57 | Build | House |
| 25:58 | Build | House |
| 25:59 | Build | House |
| 26:03 | Build | House |
| 26:07 | Build | House |
| 26:08 | Build | House |
| 26:14 | Create | Villager (Male) ×5 |
| 26:14 | Create | Villager (Male) ×5 |
| 26:35 | Build | Town Center |
| 26:58 | Create | Trade Cart |
| 27:05 | Create | Villager (Male) ×5 |
| 27:19 | Create | Villager (Male) ×3 |
Build order — Daniel.Vo
First 150 of 834 actions detected
| 0:02 | Create | Villager (Male) |
| 0:02 | Create | Villager (Male) |
| 0:03 | Create | Villager (Male) |
| 0:03 | Create | Villager (Male) |
| 0:05 | Build | House |
| 0:06 | Build | House |
| 1:34 | Create | Villager (Male) |
| 1:35 | Create | Villager (Male) |
| 1:42 | Create | Villager (Male) |
| 1:42 | Create | Villager (Male) |
| 1:52 | Build | Lumber Camp |
| 2:25 | Create | Villager (Male) |
| 2:25 | Create | Villager (Male) |
| 2:49 | Create | Villager (Male) |
| 2:49 | Create | Villager (Male) |
| 2:50 | Create | Villager (Male) |
| 3:20 | Create | Villager (Male) |
| 3:20 | Create | Villager (Male) |
| 3:34 | Build | House |
| 3:48 | Create | Villager (Male) |
| 3:49 | Create | Villager (Male) |
| 3:49 | Create | Villager (Male) |
| 4:27 | Create | Villager (Male) |
| 4:27 | Create | Villager (Male) |
| 4:27 | Create | Villager (Male) |
| 4:47 | Build | Mill |
| 4:50 | Create | Villager (Male) |
| 4:50 | Create | Villager (Male) |
| 4:50 | Create | Villager (Male) |
| 4:51 | Create | Villager (Male) |
| 5:17 | Create | Villager (Male) |
| 5:17 | Create | Villager (Male) |
| 5:18 | Create | Villager (Male) |
| 6:11 | Build | House |
| 6:23 | Create | Villager (Male) |
| 6:23 | Create | Villager (Male) |
| 6:27 | Create | Villager (Male) |
| 6:27 | Create | Villager (Male) |
| 6:28 | Create | Villager (Male) |
| 7:07 | Create | Villager (Male) |
| 7:08 | Research | Loom |
| 7:25 | Build | Farm |
| 7:30 | Build | Farm |
| 8:07 | Build | Mining Camp |
| 8:28 | Research | Feudal Age |
| 8:50 | Build | Farm |
| 8:54 | Build | Farm |
| 9:11 | Build | Farm |
| 9:42 | Build | House |
| 9:55 | Create | Villager (Male) |
| 9:55 | Create | Villager (Male) |
| 9:59 | Create | Villager (Male) |
| 10:38 | Age | Feudal Age |
| 10:41 | Build | Blacksmith |
| 10:47 | Build | Market |
| 11:43 | Research | Castle Age |
| 11:43 | Research | Castle Age |
| 12:08 | Research | Double-Bit Axe |
| 12:08 | Research | Double-Bit Axe |
| 12:19 | Research | Horse Collar |
| 12:19 | Research | Horse Collar |
| 14:31 | Create | Villager (Male) |
| 14:33 | Age | Castle Age |
| 14:33 | Research | Wheelbarrow |
| 14:37 | Create | Villager (Male) |
| 15:14 | Build | Town Center |
| 15:23 | Create | Villager (Male) |
| 15:28 | Research | Bow Saw |
| 15:45 | Research | Heavy Plow |
| 15:51 | Build | House |
| 15:52 | Build | House |
| 16:19 | Create | Villager (Male) |
| 16:24 | Build | Town Center |
| 16:31 | Create | Villager (Male) |
| 16:38 | Build | House |
| 16:39 | Build | House |
| 16:54 | Create | Villager (Male) |
| 16:54 | Create | Villager (Male) |
| 17:12 | Create | Villager (Male) |
| 17:16 | Build | Farm |
| 17:21 | Create | Villager (Male) |
| 17:23 | Build | Farm |
| 17:24 | Build | Farm |
| 17:30 | Build | House |
| 17:31 | Build | House |
| 17:33 | Create | Villager (Male) |
| 17:33 | Create | Villager (Male) |
| 17:34 | Create | Villager (Male) |
| 17:34 | Create | Villager (Male) |
| 17:37 | Build | Farm |
| 17:49 | Create | Villager (Male) |
| 17:50 | Create | Villager (Male) |
| 17:51 | Create | Villager (Male) |
| 18:01 | Create | Villager (Male) |
| 18:03 | Build | Farm |
| 18:06 | Build | Farm |
| 18:13 | Build | Farm |
| 18:16 | Create | Villager (Male) |
| 18:24 | Create | Villager (Male) |
| 18:25 | Create | Villager (Male) |
| 18:25 | Create | Villager (Male) |
| 18:28 | Build | Farm |
| 18:35 | Build | Farm |
| 18:37 | Build | Farm |
| 18:46 | Build | Farm |
| 18:50 | Build | Farm |
| 18:55 | Create | Villager (Male) |
| 18:57 | Create | Villager (Male) |
| 19:02 | Build | Farm |
| 19:06 | Build | House |
| 19:07 | Build | House |
| 19:09 | Create | Villager (Male) |
| 19:18 | Create | Villager (Male) |
| 19:23 | Build | Farm |
| 19:29 | Create | Villager (Male) |
| 19:30 | Create | Villager (Male) |
| 19:38 | Build | Farm |
| 19:40 | Build | Farm |
| 19:46 | Build | Farm |
| 19:52 | Build | House |
| 19:54 | Build | House |
| 19:55 | Create | Villager (Male) |
| 19:55 | Create | Villager (Male) |
| 19:57 | Create | Villager (Male) |
| 20:00 | Build | Farm |
| 20:02 | Build | Farm |
| 20:08 | Build | Farm |
| 20:11 | Create | Villager (Male) |
| 20:12 | Create | Villager (Male) |
| 20:18 | Build | Farm |
| 20:20 | Build | Farm |
| 20:29 | Create | Villager (Male) |
| 20:34 | Create | Villager (Male) |
| 20:36 | Create | Villager (Male) |
| 20:39 | Build | Farm |
| 20:41 | Build | Farm |
| 20:47 | Build | Farm |
| 20:49 | Create | Villager (Male) |
| 20:51 | Create | Villager (Male) |
| 20:54 | Create | Villager (Male) |
| 20:55 | Create | Villager (Male) |
| 21:00 | Build | House |
| 21:02 | Build | House |
| 21:03 | Build | House |
| 21:05 | Build | House |
| 21:05 | Create | Villager (Male) |
| 21:10 | Create | Villager (Male) |
| 21:12 | Create | Villager (Male) |
| 21:18 | Build | Farm |
| 21:21 | Build | Farm |
Build order — Maxpax_Hide_On_Bush
First 150 of 624 actions detected
| 0:01 | Create | Villager (Male) |
| 0:01 | Create | Villager (Male) |
| 0:01 | Create | Villager (Male) |
| 0:01 | Create | Villager (Male) |
| 0:02 | Create | Villager (Male) |
| 0:03 | Build | House |
| 0:03 | Build | House |
| 0:06 | Build | House |
| 1:37 | Create | Villager (Male) |
| 1:38 | Create | Villager (Male) |
| 2:12 | Create | Villager (Male) |
| 2:12 | Create | Villager (Male) |
| 2:12 | Create | Villager (Male) |
| 2:12 | Create | Villager (Male) |
| 3:00 | Create | Villager (Male) |
| 3:00 | Create | Villager (Male) |
| 3:30 | Create | Villager (Male) |
| 3:30 | Create | Villager (Male) |
| 3:30 | Create | Villager (Male) |
| 3:44 | Create | Villager (Male) |
| 3:44 | Create | Villager (Male) |
| 4:02 | Create | Villager (Male) |
| 4:02 | Create | Villager (Male) |
| 4:19 | Build | House |
| 4:20 | Build | House |
| 4:24 | Build | Lumber Camp |
| 4:32 | Create | Villager (Male) |
| 4:33 | Create | Villager (Male) |
| 4:33 | Create | Villager (Male) |
| 4:33 | Create | Villager (Male) |
| 4:33 | Create | Villager (Male) |
| 5:00 | Create | Villager (Male) |
| 5:00 | Create | Villager (Male) |
| 5:24 | Create | Villager (Male) |
| 5:24 | Create | Villager (Male) |
| 5:24 | Create | Villager (Male) |
| 5:25 | Create | Villager (Male) |
| 6:18 | Create | Villager (Male) |
| 6:34 | Create | Villager (Male) |
| 6:34 | Create | Villager (Male) |
| 6:34 | Create | Villager (Male) |
| 6:34 | Create | Villager (Male) |
| 6:34 | Create | Villager (Male) |
| 6:38 | Build | Mining Camp |
| 7:08 | Create | Villager (Male) |
| 7:44 | Build | Mill |
| 8:53 | Create | Villager (Male) |
| 8:59 | Research | Feudal Age |
| 8:59 | Research | Feudal Age |
| 8:59 | Research | Feudal Age |
| 10:05 | Build | House |
| 10:06 | Build | House |
| 10:06 | Build | House |
| 10:22 | Build | Mining Camp |
| 11:09 | Age | Feudal Age |
| 11:10 | Build | Market |
| 11:11 | Build | Blacksmith |
| 11:19 | Create | Villager (Male) |
| 11:47 | Create | Villager (Male) |
| 12:33 | Research | Castle Age |
| 12:34 | Research | Castle Age |
| 13:18 | Research | Double-Bit Axe |
| 13:23 | Research | Horse Collar |
| 15:13 | Age | Castle Age |
| 15:14 | Create | Villager (Male) |
| 15:14 | Create | Villager (Male) |
| 15:15 | Create | Villager (Male) |
| 15:16 | Build | Town Center |
| 15:22 | Build | Town Center |
| 15:30 | Create | Villager (Male) |
| 15:48 | Build | Town Center |
| 16:47 | Create | Villager (Male) |
| 16:47 | Create | Villager (Male) |
| 17:00 | Create | Villager (Male) |
| 17:03 | Create | Villager (Male) |
| 17:25 | Create | Villager (Male) |
| 17:28 | Create | Villager (Male) |
| 17:28 | Create | Villager (Male) |
| 17:28 | Create | Villager (Male) |
| 17:49 | Build | Farm |
| 17:50 | Build | Farm |
| 17:51 | Build | Farm |
| 17:52 | Build | Farm |
| 18:02 | Build | Farm |
| 18:05 | Create | Villager (Male) |
| 18:05 | Create | Villager (Male) |
| 18:05 | Create | Villager (Male) |
| 18:10 | Create | Villager (Male) |
| 18:11 | Create | Villager (Male) |
| 18:11 | Create | Villager (Male) |
| 18:15 | Create | Villager (Male) |
| 18:16 | Create | Villager (Male) |
| 18:21 | Build | Farm |
| 18:23 | Build | Farm |
| 18:35 | Create | Villager (Male) |
| 18:35 | Create | Villager (Male) |
| 18:35 | Create | Villager (Male) |
| 18:38 | Build | Farm |
| 18:47 | Create | Villager (Male) |
| 18:47 | Create | Villager (Male) |
| 18:51 | Create | Villager (Male) |
| 18:51 | Create | Villager (Male) |
| 18:52 | Create | Villager (Male) |
| 19:06 | Create | Villager (Male) |
| 19:06 | Create | Villager (Male) |
| 19:06 | Create | Villager (Male) |
| 19:06 | Create | Villager (Male) |
| 19:14 | Build | Farm |
| 19:16 | Build | Farm |
| 19:16 | Build | Farm |
| 19:19 | Build | Farm |
| 19:22 | Create | Villager (Male) |
| 19:23 | Create | Villager (Male) |
| 19:23 | Create | Villager (Male) |
| 19:26 | Build | Farm |
| 19:28 | Create | Villager (Male) |
| 19:28 | Create | Villager (Male) |
| 19:34 | Build | Farm |
| 19:35 | Create | Villager (Male) |
| 19:35 | Create | Villager (Male) |
| 19:35 | Create | Villager (Male) |
| 19:35 | Create | Villager (Male) |
| 19:46 | Build | Town Center |
| 19:51 | Create | Villager (Male) |
| 19:51 | Create | Villager (Male) |
| 19:51 | Create | Villager (Male) |
| 20:04 | Build | House |
| 20:05 | Build | House |
| 20:06 | Build | House |
| 20:07 | Build | House |
| 20:08 | Build | House |
| 20:15 | Build | House |
| 20:16 | Build | House |
| 20:17 | Create | Villager (Male) |
| 20:17 | Create | Villager (Male) |
| 20:18 | Create | Villager (Male) |
| 20:20 | Build | Farm |
| 20:30 | Research | Wheelbarrow |
| 20:31 | Research | Wheelbarrow |
| 20:31 | Research | Wheelbarrow |
| 20:41 | Build | Mill |
| 20:42 | Build | Farm |
| 20:43 | Build | Farm |
| 20:44 | Build | Farm |
| 20:45 | Build | Farm |
| 20:46 | Build | Farm |
| 20:47 | Build | Farm |
| 20:52 | Create | Villager (Male) |
| 20:52 | Create | Villager (Male) |
| 20:52 | Create | Villager (Male) |
Build order — ocgama94
First 150 of 241 actions detected
| 0:02 | Create | Villager (Male) ×4 |
| 0:02 | Create | Villager (Male) ×4 |
| 0:36 | Build | Mill |
| 1:33 | Create | Villager (Male) |
| 2:15 | Create | Villager (Male) |
| 2:15 | Create | Villager (Male) |
| 2:28 | Create | Villager (Male) |
| 2:44 | Create | Villager (Male) |
| 3:15 | Create | Villager (Male) |
| 3:17 | Create | Villager (Male) |
| 3:43 | Create | Villager (Male) |
| 4:10 | Create | Villager (Male) |
| 4:11 | Create | Villager (Male) |
| 4:29 | Create | Villager (Male) |
| 5:01 | Create | Villager (Male) |
| 5:58 | Create | Villager (Male) |
| 6:10 | Build | Lumber Camp |
| 6:16 | Create | Villager (Male) |
| 7:20 | Create | Villager (Male) |
| 7:45 | Research | Feudal Age |
| 9:06 | Build | Mining Camp |
| 9:55 | Age | Feudal Age |
| 10:22 | Research | Wheelbarrow |
| 10:23 | Create | Villager (Male) |
| 10:23 | Create | Villager (Male) |
| 10:57 | Build | Stone Wall |
| 11:00 | Create | Villager (Male) |
| 11:34 | Research | Loom |
| 11:41 | Research | Loom |
| 11:42 | Create | Villager (Male) |
| 11:42 | Create | Villager (Male) |
| 12:53 | Build | Mill |
| 13:21 | Create | Villager (Male) |
| 13:21 | Create | Villager (Male) |
| 13:30 | Build | Blacksmith |
| 14:13 | Build | Market |
| 14:17 | Create | Villager (Male) |
| 15:06 | Create | Villager (Male) |
| 15:06 | Create | Villager (Male) |
| 15:27 | Research | Castle Age |
| 15:45 | Create | Villager (Male) |
| 15:53 | Build | Mining Camp |
| 16:24 | Build | Farm |
| 16:25 | Build | Farm |
| 16:26 | Build | Farm |
| 16:27 | Build | Farm |
| 16:29 | Build | Farm |
| 16:30 | Research | Horse Collar |
| 17:02 | Build | Gate |
| 17:19 | Build | Farm |
| 18:07 | Age | Castle Age |
| 18:33 | Build | Town Center |
| 18:57 | Build | Mining Camp |
| 18:59 | Create | Villager (Male) |
| 20:03 | Create | Villager (Male) |
| 20:19 | Build | Town Center |
| 20:53 | Create | Villager (Male) |
| 20:53 | Create | Villager (Male) |
| 21:15 | Build | Town Center |
| 21:29 | Create | Villager (Male) |
| 21:59 | Build | Farm |
| 22:07 | Create | Villager (Male) |
| 22:24 | Build | Farm |
| 22:26 | Build | Farm |
| 22:42 | Create | Villager (Male) |
| 23:09 | Create | Villager (Male) |
| 23:15 | Build | Farm |
| 23:16 | Build | Farm |
| 23:19 | Build | Farm |
| 23:28 | Create | Villager (Male) |
| 23:49 | Create | Villager (Male) |
| 24:14 | Build | Monastery |
| 24:15 | Create | Villager (Male) |
| 24:16 | Create | Villager (Male) |
| 24:29 | Build | Farm |
| 24:41 | Create | Villager (Male) |
| 24:42 | Create | Villager (Male) |
| 25:07 | Create | Villager (Male) |
| 25:09 | Create | Villager (Male) |
| 25:13 | Create | Villager (Male) |
| 25:16 | Build | Farm |
| 25:17 | Build | Farm |
| 25:18 | Build | Farm |
| 25:27 | Create | Monk |
| 25:28 | Create | Monk |
| 25:57 | Build | Market |
| 25:59 | Create | Villager (Male) |
| 25:59 | Create | Villager (Male) |
| 26:03 | Create | Villager (Male) |
| 26:43 | Create | Villager (Male) |
| 26:43 | Create | Villager (Male) |
| 26:45 | Create | Villager (Male) |
| 26:45 | Create | Villager (Male) |
| 26:48 | Create | Villager (Male) |
| 26:49 | Create | Villager (Male) |
| 26:50 | Create | Villager (Male) |
| 26:57 | Build | Farm |
| 26:58 | Build | Farm |
| 26:58 | Build | Farm |
| 27:10 | Create | Villager (Male) |
| 27:21 | Create | Villager (Male) |
| 27:26 | Create | Villager (Male) |
| 28:08 | Build | Town Center |
| 28:09 | Create | Villager (Male) |
| 28:14 | Build | Lumber Camp |
| 28:19 | Create | Trade Cart |
| 28:20 | Create | Trade Cart |
| 28:21 | Create | Villager (Male) |
| 28:22 | Create | Villager (Male) |
| 28:23 | Create | Villager (Male) |
| 28:23 | Create | Villager (Male) |
| 28:30 | Build | Farm |
| 28:30 | Create | Villager (Male) |
| 28:31 | Create | Villager (Male) |
| 28:34 | Create | Villager (Male) |
| 28:35 | Create | Villager (Male) |
| 28:46 | Create | Villager (Male) |
| 28:46 | Create | Villager (Male) |
| 28:52 | Build | Farm |
| 28:53 | Build | Farm |
| 28:54 | Build | Farm |
| 28:55 | Create | Villager (Male) |
| 28:55 | Create | Villager (Male) |
| 29:23 | Create | Villager (Male) |
| 29:23 | Create | Villager (Male) |
| 29:23 | Create | Villager (Male) |
| 29:27 | Create | Villager (Male) |
| 29:36 | Build | Farm |
| 29:38 | Build | Farm |
| 29:41 | Build | Farm |
| 29:43 | Create | Villager (Male) |
| 29:48 | Build | Farm |
| 29:49 | Build | Farm |
| 29:50 | Build | Farm |
| 29:51 | Create | Villager (Male) |
| 29:52 | Create | Villager (Male) |
| 30:00 | Research | Stone Mining |
| 31:45 | Create | Villager (Male) |
| 31:46 | Create | Villager (Male) |
| 31:48 | Research | Hand Cart |
| 31:49 | Create | Villager (Male) |
| 31:49 | Create | Villager (Male) |
| 32:55 | Build | Castle |
| 32:58 | Create | Villager (Male) |
| 32:58 | Create | Villager (Male) |
| 33:08 | Build | University |
| 33:09 | Create | Villager (Male) |
| 33:10 | Create | Villager (Male) |
| 33:10 | Create | Villager (Male) |
| 33:10 | Create | Villager (Male) |
Match timeline
| 9:55 | ocgama94 · age_up feudal |
| 10:38 | Daniel.Vo · age_up feudal |
| 10:57 | ocgama94 · wall_segment Stone Wall x30 |
| 11:01 | Wasgehtsooo · age_up feudal |
| 11:08 | Mr. Pupk · age_up feudal |
| 11:09 | Maxpax_Hide_On_Bush · age_up feudal |
| 11:25 | 椰子 · first_building Barracks |
| 11:42 | Daniel.Vo · first_market_sell 100 wood |
| 12:10 | Areh · age_up feudal |
| 12:18 | 椰子 · age_up feudal |
| 12:25 | Wasgehtsooo · first_market_sell 100 wood |
| 12:39 | 椰子 · first_building Stable |
| 13:31 | Pineappleman · age_up feudal |
| 14:32 | Mr. Pupk · first_market_buy 100 food |
| 14:33 | Daniel.Vo · age_up castle |
| 14:56 | Mr. Pupk · age_up castle |
| 14:58 | Wasgehtsooo · age_up castle |
| 15:13 | Maxpax_Hide_On_Bush · age_up castle |
| 15:29 | Mr. Pupk · first_building Monastery |
| 16:13 | 椰子 · age_up castle |
| 16:34 | Areh · age_up castle |
| 18:00 | Pineappleman · age_up castle |
| 18:01 | Pineappleman · first_building Monastery |
| 18:07 | ocgama94 · age_up castle |
| 20:58 | Mr. Pupk · wall_segment Stone Wall x8 |
| 21:45 | Daniel.Vo · first_market_buy 100 wood |
| 24:14 | ocgama94 · first_building Monastery |
| 24:30 | 椰子 · first_building Monastery |
| 24:32 | Wasgehtsooo · first_building Castle |
| 24:51 | Pineappleman · first_building Siege Workshop |
| 24:57 | Pineappleman · first_building Barracks |
| 25:36 | Daniel.Vo · first_building Monastery |
| 25:37 | Mr. Pupk · wall_segment Stone Wall x15 |
| 25:46 | Daniel.Vo · first_building Barracks |
| 26:37 | Maxpax_Hide_On_Bush · first_building Barracks |
| 26:53 | Mr. Pupk · first_building Castle |
| 27:14 | Areh · first_building Barracks |
| 27:25 | Areh · first_building Monastery |
| 28:00 | Daniel.Vo · first_building Castle |
| 28:21 | Maxpax_Hide_On_Bush · first_building Siege Workshop |
| 28:46 | Daniel.Vo · first_building Siege Workshop |
| 29:04 | Mr. Pupk · first_building Barracks |
| 29:24 | Areh · first_building Archery Range |
| 29:34 | Daniel.Vo · age_up imperial |
| 29:53 | Areh · first_building Castle |
| 30:16 | 椰子 · first_building Castle |
| 30:20 | Areh · first_building Stable |
| 30:21 | Pineappleman · first_building Archery Range |
| 30:30 | Maxpax_Hide_On_Bush · first_building Castle |
| 30:47 | 椰子 · age_up imperial |
| 31:34 | Mr. Pupk · age_up imperial |
| 32:02 | Pineappleman · first_building Castle |
| 32:33 | Mr. Pupk · first_market_sell 100 food |
| 32:39 | Pineappleman · age_up imperial |
| 32:55 | ocgama94 · first_building Castle |
| 33:08 | Maxpax_Hide_On_Bush · first_market_sell 500 food |
| 34:17 | Areh · first_building Siege Workshop |
| 34:19 | Areh · age_up imperial |
| 34:52 | Pineappleman · first_market_sell 500 wood |
| 35:21 | Maxpax_Hide_On_Bush · first_building Stable |
| 35:57 | Wasgehtsooo · first_market_buy 100 food |
| 36:23 | Maxpax_Hide_On_Bush · age_up imperial |
| 37:09 | ocgama94 · first_building Barracks |
| 38:43 | Mr. Pupk · first_building Stable |
| 38:46 | Wasgehtsooo · age_up imperial |
| 40:03 | ocgama94 · first_building Archery Range |
| 40:54 | 椰子 · first_building Siege Workshop |
| 41:18 | Wasgehtsooo · first_building Barracks |
| 41:18 | Pineappleman · resign |
| 41:54 | Maxpax_Hide_On_Bush · first_market_buy 500 food |
[ AI ANALYSIS · 1 CREDIT ]
What really happened in this match?
Wolo.gg analyzes every decision: build order, eco, micro, common mistakes by bracket. Personalized analysis on WhatsApp or Discord in 30 seconds.
Civ guide
Shu
Perfil
Jugador #4837293